AoeStats
← thecartelflow

Four Lakes

510189867Analyzed
1v1 RM · 4d ago on Sep 29, 2026· 55m 41s· 2 players
Game mode
Random Map
Map size
Tiny (2 player)
Population
200
Speed
Normal
Resources
Standard
Victory
Conquest
Starting age
Dark Age
Ending age
Imperial Age
RankedLock teamsTeams togetherTeam positionsShared explorationLock speedFull tech treeHidden civsTurbo modeCheats
Victory
Defeat
🇮🇪 Japanese · Ireland
740
+17
🇺🇸 Persians · United States
770
-43
ciaranomalley90
6:04 Loom
10:20 Feudal Age
13:25 Double-Bit Axe
14:38 Fishing Lines
17:53 Wheelbarrow
21:12 Castle Age
21:18 Gold Mining
21:22 Stone Mining
21:40 Scale Mail Armor
21:50 Forging
22:12 Gillnets
24:16 Gold Shaft Mining
24:13 Bow Saw
32:20 Imperial Age
32:02 Chain Mail Armor
34:59 Plate Mail Armor
35:59 Elite Samurai
37:30 Iron Casting
38:24 Kataparuto
38:05 Yasama
39:14 Fletching
40:26 Blast Furnace
40:26 Guard Tower
40:23 Arrowslits
41:42 Chemistry
41:02 Ballistics
40:38 Murder Holes
41:00 Masonry
41:29 Hoardings
43:08 Conscription
44:37 Keep
44:08 Murder Holes
46:33 Two-Man Saw
47:35 Arson
47:57 Squires
50:43 Bodkin Arrow
50:54 Scale Barding Armor
53:15 Husbandry
53:27 Bloodlines
52:37 Cavalier
54:29 Heavy Scorpion
thecartelflow
2:51 Loom
17:33 Feudal Age
20:27 Wheelbarrow
19:50 Gold Mining
19:46 Horse Collar
23:55 Bloodlines
23:36 Arson
23:13 Man-at-Arms
34:59 Castle Age
36:09 Hand Cart
35:23 Demolition Ship
36:14 Medium Warships
35:44 Fishing Lines
36:26 Herbal Medicine
36:32 Devotion
40:58 Siphons
40:44 Guard Tower
40:50 Murder Holes
41:05 Clinker Construction
41:06 Careening
43:29 Gold Shaft Mining
42:45 Stone Mining
44:17 Squires
43:37 Pikeman
43:38 Long Swordsman
44:04 Gambesons
44:47 Parthian Tactics
44:28 Thumb Ring
44:27 Husbandry
47:26 Elite Skirmisher
50:11 Double-Bit Axe
53:31 Kamandaran
Connection lost

Rejoining the realm…

Still unreachable

The connection could not be restored.

Session expired

The server has moved on; the page needs a fresh start.